AoeStats
← EL LEON

Arabia

510036080Analyzed
3v3 RM · 4d ago on Sep 29, 2026· 49m 38s· 6 players
Game mode
Random Map
Map size
Normal (6 player)
Population
200
Speed
Normal
Resources
Standard
Victory
Conquest
Starting age
Dark Age
Ending age
Imperial Age
RankedLock teamsTeams togetherTeam positionsShared explorationLock speedFull tech treeHidden civsTurbo modeCheats
Victory
Defeat
🇨🇴 Romans · Colombia
1286
+10
🇨🇴 Varangians · Colombia
1244
+12
🇨🇴 Saracens · Colombia
1192
+15
🇺🇸 Saxons · United States
1177
-13
🇵🇪 Magyars · Peru
1175
-13
🇦🇷 Franks · Argentina
1113
-11
rambo
11:02 Feudal Age
9:20 Loom
11:06 Feudal Age
20:37 Castle Age
25:03 Padded Archer Armor
26:08 Double-Bit Axe
29:09 Bow Saw
32:05 Fletching
RaskWarrioR
6:23 Loom
9:01 Feudal Age
9:40 Double-Bit Axe
22:19 Castle Age
20:54 Scale Barding Armor
21:07 Gold Mining
20:58 Horse Collar
22:11 Wheelbarrow
23:22 Chain Barding Armor
25:24 Husbandry
26:48 Bow Saw
26:43 Heavy Plow
28:13 Bloodlines
31:17 Gold Shaft Mining
31:28 Hand Cart
38:34 Imperial Age
37:11 Fletching
38:43 Corvinian Army
38:28 Light Cavalry
39:04 Stone Mining
39:46 Crop Rotation
40:17 Two-Man Saw
38:49 Cavalier
40:52 Plate Barding Armor
42:33 Conscription
44:46 Elite Magyar Huszar
EL LEON
0:53 Loom
10:17 Feudal Age
13:14 Wheelbarrow
12:24 Double-Bit Axe
23:03 Castle Age
25:14 Gold Mining
26:59 Stone Mining
28:56 Hand Cart
33:54 Bow Saw
36:49 Husbandry
37:48 Forging
37:45 Scale Barding Armor
40:22 Light Cavalry
45:40 Imperial Age
42:59 Ordonnance Companies
45:09 Iron Casting
44:24 Fletching
44:35 Padded Archer Armor
44:56 Chain Barding Armor
47:02 Cranequins
3DIQ | AlxSanmiguel
6:29 Loom
9:37 Feudal Age
10:18 Double-Bit Axe
13:20 Bloodlines
17:25 Town Watch
18:31 Scale Barding Armor
19:25 Forging
21:32 Gold Mining
21:24 Horse Collar
25:01 Castle Age
26:07 Husbandry
26:32 Chain Barding Armor
26:11 Stone Mining
26:40 Bow Saw
30:04 Stone Shaft Mining
35:06 Iron Casting
35:56 Wheelbarrow
36:32 Heavy Plow
37:50 Vendel Legacy
39:54 Hand Cart
44:38 Imperial Age
42:34 Fletching
44:36 Bodkin Arrow
46:09 Conscription
46:29 Plate Barding Armor
46:48 Crop Rotation
47:42 Blast Furnace
49:30 Two-Man Saw
48:01 Elite Jarl
3DIQ | ElChan108
7:16 Loom
9:31 Feudal Age
9:38 Man-at-Arms
10:52 Double-Bit Axe
12:49 Scale Mail Armor
15:23 Forging
30:15 Horse Collar
30:26 Gold Mining
33:22 Castle Age
34:08 Pikeman
34:49 Squires
35:26 Iron Casting
35:06 Chain Mail Armor
36:00 Long Swordsman
47:52 Imperial Age
50:08 Blast Furnace
3DIQ | Mr. Cat Turbo
7:29 Loom
10:34 Feudal Age
11:45 Double-Bit Axe
18:35 Wheelbarrow
18:04 Fletching
23:46 Castle Age
23:34 Forging
23:26 Scale Mail Armor
23:50 Horse Collar
23:48 Crossbowman
24:34 Bodkin Arrow
25:28 Squires
27:14 Pikeman
29:41 Thumb Ring
31:56 Bow Saw
35:21 Iron Casting
35:02 Chain Mail Armor
40:24 Redemption
44:48 Imperial Age
46:58 Ballistics
49:57 Chemistry
Connection lost

Rejoining the realm…

Still unreachable

The connection could not be restored.

Session expired

The server has moved on; the page needs a fresh start.